 Dungeon Crawl Stone Soup version 0.31-a0-690-g7ce4588941 (webtiles) character file.

Game seed: 8274611545902516947

3133 Blimb the Grappler (level 9, 0/96 HPs)
             Began as a Troll Berserker on Sept 5, 2023.
             Was a Priest of Trog.
             Succumbed to a killer bee's poison
             ... on level 7 of the Dungeon on Sept 6, 2023.
             The game lasted 00:51:08 (5994 turns).

Blimb the Grappler (Troll Berserker)                Turns: 5994, Time: 00:51:08

Health: 0/96       AC:  4    Str: 31    XL:     9   Next: 61%
Magic:  8/8        EV: 25    Int:  3    God:    Trog [***...]
Gold:   389        SH:  0    Dex:  9    Spells: 8/8 levels left

rFire   + .          .
                       - Unarmed
rCold   x . .        (no shield)
rNeg    . . .        a - +0 animal skin
rPois   .            (helmet restricted)
rElec   .            (no cloak)
rCorr   .            (gloves unavailable)
SInv    .            (boots unavailable)
Will    .....        g - amulet of the acrobat
Stlth   +            v - ring of fire
HPRegen 1.16/turn    (no ring)
MPRegen 0.11/turn

%: acrobat
@: lethally poisoned (0 -> -5), acrobatic
A: large, unfitting armour, claws 3, regeneration 1, shaggy fur 1, tough skin 1
a: Renounce Religion, Berserk, Trog's Hand


You were on level 7 of the Dungeon.
You worshipped Trog.
Trog was most pleased with you.
You visited 2 branches of the dungeon, and saw 8 of its levels.

You collected 389 gold pieces.

Inventory:

Missiles
 b - 10 curare-tipped darts (quivered)
 m - 7 boomerangs
Armour
 a - a +0 animal skin (worn)
Jewellery
 g - an amulet of the acrobat (around neck)
 v - a ring of fire (left claw)
Wands
 y - a wand of polymorph (14)
 B - a wand of iceblast (11)
Scrolls
 c - a scroll of revelation
 d - a scroll of poison
 h - a scroll of teleportation
 i - a scroll of noise
 n - a scroll of fog
 o - a scroll of torment
 q - 3 scrolls of immolation
 r - a scroll of summoning
 s - a scroll of amnesia {unknown}
 u - a scroll of blinking {unknown}
 w - a scroll of enchant weapon {unknown}
 x - a scroll of acquirement {unknown}
 A - a scroll of identify
Potions
 e - 2 potions of enlightenment
 f - 2 potions of curing {unknown}
 j - a potion of resistance {unknown}
 k - a potion of degeneration {unknown}
 l - a potion of haste {unknown}
 p - 2 potions of berserk rage {unknown}
 t - a potion of brilliance {unknown}
 z - a potion of might {unknown}
 C - a potion of heal wounds {unknown}


   Skills:
 + Level 8.1 Fighting
 - Level 2.6 Dodging
 - Level 10.4 Unarmed Combat


You had 8 spell levels left.
You didn't know any spells.
Your spell library contained the following spells:

 Spells                   Type           Power      Damage    Failure   Level
 Dazzling Flash           Conj/Hex       0%         N/A       88%         3
 Agony                    Necr           0%         N/A       100%        5
 Silence                  Hex/Air        0%         N/A       100%        5


Dungeon Overview and Level Annotations

Branches:
Dungeon (7/15)             Temple (1/1) D:5

Altars:
Ashenzari
Cheibriados
Dithmenos
Elyvilon
Fedhas
Gozag
Hepliaklqana
Makhleb
Okawaru
Ru
Sif Muna
Trog
Vehumet
Wu Jian
Xom
Yredelemnul
Zin
The Shining One

Shops:
D:1 (   D:5 ?


Innate Abilities, Weirdness & Mutations

You are too large for most types of armour.
You have claws for hands.
Your natural rate of healing is unusually fast.
You are covered in fur. (AC +1)
You have tough skin. (AC +1)


Message History

You feel sick.
The killer bee attacks as it pursues you!
The killer bee closely misses you. x2
You feel sick. The killer bee completely misses you.
The killer bee attacks as it pursues you!
The killer bee completely misses you. The killer bee barely misses you.
You feel sick.
The killer bee attacks as it pursues you!
The killer bee misses you. x2; The killer bee stings you.
* * * LOW HITPOINT WARNING * * *
You feel sick.
The killer bee attacks as it pursues you!
The killer bee closely misses you.
The killer bee attacks as it pursues you!
The killer bee stings you.
* * * LOW HITPOINT WARNING * * *
The killer bee completely misses you.
You feel sick. The killer bee stings you.
* * * LOW HITPOINT WARNING * * *
The killer bee attacks as it pursues you!
The killer bee misses you. The killer bee completely misses you.
Your skin stops crawling.
You feel less strong-willed.
You feel sick. The killer bee completely misses you.
The killer bee attacks as it pursues you!
The killer bee stings you but does no damage.
The killer bee completely misses you.
You feel sick. The killer bee stings you.
* * * LOW HITPOINT WARNING * * *
You are more poisoned.
The killer bee poisons you!
You feel sick. The killer bee misses you. The killer bee stings you.
* * * LOW HITPOINT WARNING * * *
You are lethally poisoned!
The killer bee poisons you! The killer bee completely misses you.
The killer bee closely misses you.
* * * LOW HITPOINT WARNING * * *
You feel very sick.
The killer bee attacks as it pursues you!
The killer bee completely misses you. The killer bee misses you.
You die...

..# #.##z# #.# ##.## #..#.
..#####....#### #.###...## #.###
#.#...........# #.##.:#..####.###
#.#.###.z####.# #.##.###.........
#.#.# #.z# #.# #.##..#..#######.
#.#.# #..# #.# #.##....##### #.
#.#.###..# #.# #....#......# #.
#..#.##..####.###..########.# #.
#.###.....zz.y..@..# #.# #.
##.#.##.#.....yy..#########.####.
##.###.#####.....รท..............
#.# #.#####..############......
#.# #........# #######
#.#########.## #...........#
#############


You could see 3 killer bees and 2 wights.

Vanquished Creatures
  Sigmund (D:6)
  2 steam dragons
  Menkaure (D:4)
  A water moccasin (D:5)
  Duvessa (D:6)
  3 ice beasts
  4 black bears
  3 phantoms
  The ghost of Omnilove the Sneak, an amateur KoEn (D:3)
  Blork the orc (D:6)
  4 scorpions
  A wyvern skeleton (D:3)
  5 wights (D:6)
  Dowan (D:6)
  3 killer bees (D:7)
  2 jellies
  A bullfrog zombie (D:3)
  A centaur skeleton (D:3)
  3 hounds
  An orc priest (D:5)
  2 iguanas
  2 sleepcaps (D:6)
  6 orc wizards
  6 adders
  A shadow imp (D:6)
  An ufetubus (D:5)
  A worm (D:2)
  4 dart slugs
  15 orcs
  2 bats
  9 endoplasms
  5 giant cockroaches
  5 goblins
  5 hobgoblins
  6 jackals
  6 kobolds
  7 quokkas
  7 ball pythons
  6 frilled lizards
  6 rats
142 creatures vanquished.

Notes
Turn   | Place    | Note
-------+----------+-------------------------------------------
     0 | D:1      | Blimb the Troll Berserker began the quest for the Orb.
     0 | D:1      | Reached XP level 1. HP: 22/22 MP: 0/0
   150 | D:1      | Reached XP level 2. HP: 25/29 MP: 1/1
   363 | D:1      | Found Qex Kefi's Antique Weapon Shoppe.
  1012 | D:2      | Reached XP level 3. HP: 36/36 MP: 2/2
  1057 | D:2      | Reached skill level 4 in Unarmed Combat
  1375 | D:2      | Reached ** piety under Trog
  1807 | D:3      | Noticed a phantom
  1836 | D:3      | Found a transporter.
  1840 | D:3      | Found a transporter.
  1841 | D:3      | Noticed Omnilove's ghost (amateur KoEn)
  1848 | D:3      | Reached XP level 4. HP: 41/44 MP: 3/3
  2128 | D:3      | Noticed a scorpion
  2140 | D:3      | Killed a scorpion
  2141 | D:3      | Reached skill level 5 in Unarmed Combat
  2141 | D:3      | Reached XP level 5. HP: 25/50 MP: 4/4
  2605 | D:3      | Reached skill level 6 in Unarmed Combat
  2613 | D:3      | Reached XP level 6. HP: 48/59 MP: 5/5
  2614 | D:3      | Killed Omnilove's ghost
  2615 | D:3      | Reached skill level 7 in Unarmed Combat
  2801 | D:4      | Found a white marble altar of Elyvilon.
  2930 | D:4      | Noticed Menkaure
  2939 | D:4      | Killed Menkaure
  2940 | D:4      | Reached skill level 8 in Unarmed Combat
  2940 | D:4      | Reached XP level 7. HP: 64/66 MP: 6/6
  3700 | D:5      | Entered Level 5 of the Dungeon
  3720 | D:5      | Found a staircase to the Ecumenical Temple.
  3728 | D:5      | Reached skill level 9 in Unarmed Combat
  3772 | Temple   | Entered the Ecumenical Temple
  4179 | D:5      | Found a hazy altar of Hepliaklqana.
  4230 | D:5      | Found Duj Sil's Magic Scroll Shop.
  4350 | D:5      | Found a burning altar of Makhleb.
  4502 | D:5      | Reached XP level 8. HP: 74/74 MP: 7/7
  4577 | D:5      | Reached *** piety under Trog
  4753 | D:6      | Reached skill level 10 in Unarmed Combat
  4906 | D:6      | Noticed Sigmund
  4915 | D:6      | Killed Sigmund
  5018 | D:6      | Reached skill level 5 in Fighting
  5103 | D:6      | Reached XP level 9. HP: 86/89 MP: 8/8
  5377 | D:6      | Noticed Blork the orc
  5384 | D:6      | Killed Blork the orc
  5442 | D:6      | Noticed Dowan
  5443 | D:6      | Noticed Duvessa
  5449 | D:6      | Killed Duvessa
  5460 | D:6      | Killed Dowan
  5759 | D:7      | Found a broken altar of Ashenzari.
  5847 | D:7      | Reached **** piety under Trog
  5992 | D:7      | HP: 4/96 [killer bee (3)]
  5994 | D:7      | Succumbed to a killer bee's poison

Illustrated notes

Levels and vault maps discovered:
D:1:      wander_arrival_peaceful_grave, layout_basic, serial_shops,
          nicolae_shop_back_alley_shop
D:2:      layout_basic, serial_co_window_serial, co_window_paths_b,
          co_window_paths_a, co_window_cross_1, co_window_paths_a,
          co_window_paths_a, co_window_corner_a, co_window_corner_a,
          co_window_2corner, co_window_corner_b, co_window_broadway_c,
          co_window_corner_b, co_window_of_opportunity_b, co_window_paths_e,
          co_window_4corner_b, glass_columns_a
D:3:      layout_loops_cross, gammafunk_ghost_mausoleum
D:4:      layout_gridville, mainiacjoe_overflow_catwalk, uniq_menkaure
D:5:      layout_loops_cross, nicolae_overflow_crystal_walls,
          general_overflow_altar, minmay_temple_entry_tees, serial_shops, shop,
          nicolae_figureground_pulse
D:6:      layout_loops_ring, st_stairs_8, uniq_blork_the_orc, uniq_sigmund,
          uniq_duvessa
D:7:      layout_loops_ring, lemuel_round_altar
Temple:   eino_narrow_crystal_temple

Skill      XL: |  1  2  3  4  5  6  7  8  9 |
---------------+----------------------------+-----
Unarmed Combat | 4 5 6 8 9 10 | 10.4
Fighting       | 5 8 |  8.1
Dodging        | |  2.6

Action                     |  1- 3 |  4- 6 |  7- 9 || total
---------------------------+-------+-------+-------++-------
  Melee: Unarmed           |    79 |    86 |   187 ||   352
         Punch             |       |     1 |     4 ||     5
 Invoke: Berserk           |       |     2 |     1 ||     3
         Trog's Hand       |       |       |     1 ||     1
    Use: Scroll            |       |     8 |     1 ||     9
 Armour: Animal skin       |    32 |    62 |   120 ||   214
  Dodge: Dodged            |    30 |    70 |   181 ||   281

Table legend: (Time is in decaauts)
 A = Elapsed time spent in this place.
 B = Non-inter-level travel time spent in this place.
 C = Inter-level travel time spent in this place.
 D = Time resting spent in this place.
 E = Time spent auto-exploring this place.
 F = Levels seen in this place.
 G = Mean time per level.
                   A        B        C        D        E       F      G
               +--------+--------+--------+--------+--------+-----+--------+
         Total |   5978 |   5964 |     14 |    426 |   2101 |   8 |  747.2 |
       Dungeon |   5697 |   5683 |     14 |    226 |   2101 |   7 |  813.9 |
        Temple |    280 |    280 |      0 |    200 |      0 |   1 |  280.0 |
               +--------+--------+--------+--------+--------+-----+--------+

Top non-repeatable levels by time:
     D:4: 993 daAuts
     D:6: 913 daAuts
     D:2: 913 daAuts
     D:3: 908 daAuts
     D:1: 888 daAuts
     D:5: 747 daAuts
     D:7: 333 daAuts
  Temple: 280 daAuts
